 Dungeon Crawl Stone Soup version 0.26-a0-971-g1d9d62bb61 (webtiles) character file.

Game seed: 8603136865456902504

19157 lunkers the Stormcaller (level 12, 0/76 HPs)
             Began as a Tengu Air Elementalist on Dec 4, 2020.
             Was an Elder of Vehumet.
             Slain by a blink frog (12 damage)
             ... on level 2 of the Lair of Beasts.
             The game lasted 00:26:29 (18029 turns).

lunkers the Stormcaller (Tengu Air Elementalist)   Turns: 18029, Time: 00:26:30

Health: 0/76       AC:  6    Str:  8    XL:     12   Next: 66%
Magic:  36/36      EV: 30    Int: 21    God:    Vehumet [****..]
Gold:   889        SH:  0    Dex: 25    Spells: 13/31 levels left

rFire    . . .     SeeInvis .   a - +3 scimitar (flame)
rCold    + . .     Faith    .   (no shield)
rNeg     + . .     Spirit   .   D - +1 leather armour {rC+}
rPois    .         Reflect  .   (helmet restricted)
rElec    .         Harm     .   H - scarf {repulsion}
rCorr    .         Rampage  .   M - +1 pair of gloves
MR       .....                  (boots unavailable)
Stlth    ++........             E - amulet "Citil" {Acrobat rN+ Dex+4}
HPRegen  0.22/turn              h - ring of magical power
MPRegen  0.25/turn              n - +6 ring of dexterity

@: acrobat, flying quickly and evasively, repel missiles, quick
A: beak, talons 3, able to fly
a: Stop Flying, Renounce Religion


You were on level 2 of the Lair of Beasts.
You worshipped Vehumet.
Vehumet was greatly pleased with you.
You visited 3 branches of the dungeon, and saw 14 of its levels.
You also visited: Sewer.

You collected 889 gold pieces.

Inventory:

Hand Weapons
 a - a +3 scimitar of flaming (weapon)
 d - a +0 dagger
Armour
 D - a +1 leather armour of cold resistance (worn)
 F - +0 steam dragon scales
 H - a scarf of repulsion (worn)
 M - a +1 pair of gloves (worn)
Magical Staves
 W - an uncursed staff of conjuration
Jewellery
 h - a ring of magical power (left hand)
 n - a +6 ring of dexterity (right hand)
 v - an uncursed ring of fire
 w - a +6 ring of strength
 E - the amulet "Citil" (around neck) {Acrobat rN+ Dex+4}
   (You found it on level 7 of the Dungeon)

   [amulet of the acrobat]

   It helps you evade while moving and waiting.
   It affects your dexterity (+4).
   It protects you from negative energy.
 K - an uncursed amulet of guardian spirit {unknown}
 N - an uncursed amulet of faith {unknown}
 P - an uncursed ring of flight {unknown}
 R - a cursed amulet of inaccuracy {unknown}
 U - a cursed ring of attention {unknown}
Wands
 t - a wand of acid (13)
 B - a wand of flame (28)
 C - a wand of iceblast (26)
 S - a wand of polymorph (7)
Scrolls
 b - 2 scrolls of blinking
 c - a scroll of fog {unknown}
 f - 2 scrolls of fear
 g - a scroll of random uselessness
 l - 8 scrolls of teleportation
 o - a scroll of magic mapping
 z - 4 scrolls of remove curse
 A - 2 scrolls of amnesia
 G - 2 scrolls of vulnerability
 L - a scroll of summoning {unknown}
 O - a scroll of enchant weapon
 T - a scroll of enchant armour
Potions
 e - 2 potions of mutation
 i - 3 potions of haste
 j - 3 potions of ambrosia
 k - 3 potions of berserk rage
 m - 15 potions of curing
 p - a potion of cancellation
 q - 6 potions of flight
 r - 4 potions of attraction
 s - 4 potions of might
 u - 5 potions of heal wounds
 x - a potion of invisibility
 I - 2 potions of brilliance
 J - a potion of resistance
 X - a potion of magic {unknown}


   Skills:
 + Level 9.1 Fighting
 - Level 2.1 Dodging
 - Level 2.0 Stealth
 + Level 10.0 Spellcasting
 - Level 1.3 Conjurations
 * Level 18.4 Air Magic


You had 13 spell levels left.
You knew the following spells:

 Your Spells              Type           Power        Failure   Level
a - Airstrike             Air            ######....   1%          4
b - Static Discharge      Conj/Air       ######..     1%          3
d - Lightning Bolt        Conj/Air       ######....   1%          5
e - Conjure Ball Lightni  Conj/Air       ######....   7%          6

Your spell library contained the following spells:

 Spells                   Type           Power        Failure   Level
 Swiftness                Air            ######..     0%          2
 Foxfire                  Conj/Fire      ##..         1%          1
 Shock                    Conj/Air       ####         1%          1
 Corpse Rot               Necr/Air       N/A          1%          2
 Poisonous Vapours        Pois/Air       #####.       1%          2
 Mephitic Cloud           Conj/Pois/Air  #####...     1%          3
 Sandblast                Erth           ##....       2%          1
 Conjure Flame            Conj/Fire      ##......     6%          3
 Stone Arrow              Conj/Erth      ##....       6%          3
 Ignite Poison            Fire/Tmut/Pois ##......     8%          3
 Inner Flame              Hex/Fire       ##......     8%          3
 Sting                    Tmut/Pois      ##..         10%         1
 Passwall                 Tmut/Erth      ##......     14%         2
 Sublimation of Blood     Necr           ##........   14%         2
 Sticky Flame             Conj/Fire      ##......     17%         4
 Olgreb's Toxic Radiance  Pois           ##......     24%         4
 Fireball                 Conj/Fire      ##........   43%         5
 Lee's Rapid Deconstruct  Erth           ##........   52%         5
 Dispel Undead            Necr           ##......     67%         4
 Petrify                  Tmut/Erth      ##......     67%         4
 Tornado                  Air            ######....   73%         9
 Agony                    Necr           ##......     95%         5
 Excruciating Wounds      Necr           ##........   95%         5
 Ignition                 Fire           ##........   100%        8
 Shatter                  Erth           ##........   100%        9


Dungeon Overview and Level Annotations

Branches:
Dungeon (11/15)            Temple (1/1) D:5            Lair (2/6) D:10
    Orc (0/2) D:9           Sewer (visited)
  Swamp: Lair:2-4    Shoals: Lair:2-4     Snake: Lair:2-4    Spider: Lair:2-4

Altars:
Ashenzari
Cheibriados
Dithmenos
Elyvilon
Fedhas
Gozag
Hepliaklqana
Kikubaaqudgha
Makhleb
Nemelex Xobeh
Okawaru
Qazlal
Ru
Sif Muna
Trog
Uskayaw
Vehumet
Wu Jian
Xom
Yredelemnul
Zin
The Shining One
Beogh
Jiyva

Shops:
D:4 *   D:6 (   D:7 !   D:9 (

Annotations:
D:4 2 transporters, streetpizza's ghost, amateur DrCj
D:6 1 runed translucent door, dickylongcocking's ghost, novice DDNe


Innate Abilities, Weirdness & Mutations

You have a beak for a mouth.
You have claws for feet.
You can fly continuously.


Message History

The blink frog closely misses you.
You riposte.
You slash the blink frog! You burn the blink frog.
Your peck misses the blink frog.
The blink frog is moderately wounded.
The blink frog hits you.
* * * LOW HITPOINT WARNING * * *
The blink frog blinks!
The blink frog blinks! x2
The bullfrog releases a deep croak.
The blink frog completely misses you.
You riposte.
You hit the blink frog. You burn the blink frog.
Your kick misses the blink frog. Your peck misses the blink frog.
The blink frog is moderately wounded.
The blink frog barely misses you.
The blink frog blinks!
The blink frog completely misses you.
You riposte.
You barely miss the blink frog. You peck the blink frog.
The blink frog is moderately wounded.
The blink frog closely misses you. The blink frog hits you!
You die...

*,,,,,* #P.........##
*****,,...#*** ####......÷#
*,**,,......,* #####....#
**,,,,......** #######...#....##
**,,,,......####..##...........#
*,,,,........#..............#...
*,,,...............#.##.#######.
*,,,.......†....#######.# #.
**,,...........@.# ### #.
*,,,........≈..F.# ##
*,,,.....≈.≈≈.Y###
*,,,...≈≈≈≈≈≈≈..#
**,,....≈...YFY##
****...#..Y.### **#*#.....####
#..FY.[.P## ##........#


You could see 5 yaks, 2 blink frogs and a bullfrog.

Vanquished Creatures
  Harold (D:8)
  A hydra (Lair:2)
  Erica (D:11)
  4 death yaks (D:10)
  2 two-headed ogres (D:11)
  Pikel (D:7)
  An oklob plant (Lair:2)
  An ugly thing (D:11)
  Joseph (D:7)
  Maurice (D:11)
  Psyche (D:8)
  Maggie (D:7)
  2 cane toads (Lair:2)
  A komodo dragon (Lair:1)
  3 trolls
  A slime creature (D:11)
  5 blink frogs (Lair:1)
  Sigmund (D:5)
  A wyvern (D:10)
  10 yaks (Lair:1)
  6 water moccasins
  An eye of draining (D:11)
  2 sky beasts
  An ice beast (D:11)
  2 black bears
  10 orc warriors
  2 phantoms (D:8)
  2 necrophages
  5 centaurs
  5 ogres
  3 big kobolds
  11 bullfrogs
  2 scorpions
  8 killer bees
  7 wights
  A howler monkey (D:9)
  A quasit (D:9)
  A bullfrog zombie (D:7)
  7 jellies
  7 orc priests
  2 hounds
  A centaur skeleton (D:9)
  A gnoll shaman (D:7)
  4 iguanas
  10 orc wizards
  3 worker ants (D:9)
  A hound zombie (D:6)
  13 adders
  5 gnolls
  8 river rats
  3 shadow imps
  A white imp (D:9)
  4 ufetubi
  3 oozes (D:1)
  2 adder zombies (D:8)
  4 worms
  2 dart slugs
  9 leopard geckos
  55 orcs
  6 ball pythons
  4 giant cockroaches
  3 goblins
  6 hobgoblins
  13 jackals
  5 quokkas
  8 bats
  2 frilled lizards (D:2)
  24 kobolds
  A leopard gecko zombie (D:6)
  A quokka skeleton (D:8)
  2 quokka zombies
  29 rats
359 creatures vanquished.

Vanquished Creatures (others)
  5 fungi (Lair:2)
  55 plants
60 creatures vanquished.

Grand Total: 419 creatures vanquished

Notes
Turn   | Place    | Note
-------+----------+-------------------------------------------
     0 | D:1      | lunkers the Tengu Air Elementalist began the quest for the
                  | Orb.
     0 | D:1      | Reached XP level 1. HP: 10/10 MP: 4/4
   195 | D:1      | Reached XP level 2. HP: 15/15 MP: 0/6
   590 | D:1      | Reached skill level 5 in Air Magic
   590 | D:1      | Reached XP level 3. HP: 15/19 MP: 1/7
  1683 | D:2      | Reached XP level 4. HP: 24/24 MP: 9/9
  2337 | D:2      | Found a shadowy altar of Dithmenos.
  2414 | D:2      | Found an ornate altar of the Wu Jian Council.
  2461 | D:3      | Found a stormy altar of Qazlal.
  2534 | D:3      | Learned a level 4 spell: Airstrike
  2555 | D:3      | Reached skill level 6 in Air Magic
  2763 | D:3      | Gained mutation: You can fly continuously. [Tengu growth]
  2763 | D:3      | Reached XP level 5. HP: 17/28 MP: 10/10
  3530 | D:4      | Reached skill level 7 in Air Magic
  3696 | D:4      | Reached XP level 6. HP: 32/32 MP: 12/12
  3769 | D:4      | Found Popoimp's Assorted Antiques.
  3786 | D:4      | Reached skill level 8 in Air Magic
  3880 | D:4      | Noticed streetpizza's ghost (amateur DrCj)
  4064 | D:4      | Found a transporter.
  4228 | D:4      | Found a transporter.
  4264 | D:5      | Entered Level 5 of the Dungeon
  4264 | D:5      | Found a staircase to the Ecumenical Temple.
  4270 | Temple   | Entered the Ecumenical Temple
  4465 | D:5      | Noticed Sigmund
  4468 | D:5      | Killed Sigmund
  4469 | D:5      | Reached skill level 9 in Air Magic
  4469 | D:5      | Reached XP level 7. HP: 36/36 MP: 10/14
  4553 | D:5      | Found a shimmering blue altar of Sif Muna.
  4555 | D:5      | Found a snail-covered altar of Cheibriados.
  4555 | D:5      | Found a basalt altar of Yredelemnul.
  4556 | D:5      | Found a radiant altar of Vehumet.
  4557 | D:5      | Found an opulent altar of Gozag.
  4557 | D:5      | Found a hazy altar of Hepliaklqana.
  4565 | D:5      | Became a worshipper of Vehumet
  4634 | D:5      | Found a hide-covered altar of Uskayaw.
  4794 | D:5      | Found a bloodstained altar of Trog.
  4871 | D:5      | Found an iron altar of Okawaru.
  5167 | D:5      | Found a sacrificial altar of Ru.
  5276 | D:6      | Found a glowing drain.
  5364 | Sewer    | Entered a sewer
  5506 | Sewer    | Learned a level 3 spell: Static Discharge
  5643 | Sewer    | Reached * piety under Vehumet
  5643 | Sewer    | Offered knowledge of Sandblast by Vehumet.
  5646 | Sewer    | Reached skill level 10 in Air Magic
  5646 | Sewer    | Reached XP level 8. HP: 3/41 MP: 0/16
  5648 | Sewer    | HP: 2/41 [poisoned by a kobold]
  5657 | Sewer    | HP: 1/41 [poisoned by a kobold]
  6090 | Sewer    | Reached skill level 5 in Spellcasting
  7240 | D:6      | Reached skill level 11 in Air Magic
  7387 | D:6      | Found Noorphud's Weapon Boutique.
  7391 | D:6      | Reached skill level 1 in Fighting
  7519 | D:6      | Reached ** piety under Vehumet
  7519 | D:6      | Offered knowledge of Searing Ray by Vehumet.
  7802 | D:6      | Found a runed translucent door.
  7805 | D:6      | Noticed dickylongcocking's ghost (novice DDNe)
  8420 | D:7      | Noticed Joseph
  8426 | D:7      | Killed Joseph
  8427 | D:7      | Reached skill level 12 in Air Magic
  8427 | D:7      | Reached XP level 9. HP: 34/49 MP: 6/19
  8776 | D:7      | Got a twitching bronze amulet
  8856 | D:7      | Found Sedexusm's Distillery.
  9062 | D:7      | Identified the amulet "Citil" {Acrobat rN+ Dex+4} (You
                  | found it on level 7 of the Dungeon)
  9255 | D:7      | Noticed Maggie
  9267 | D:7      | Killed Maggie
  9268 | D:7      | Reached skill level 13 in Air Magic
  9494 | D:7      | Noticed a troll
  9497 | D:7      | Killed a troll
  9604 | D:7      | Noticed Pikel
  9608 | D:7      | Killed Pikel
  9609 | D:7      | Reached XP level 10. HP: 58/58 MP: 15/21
  9926 | D:7      | Reached skill level 5 in Fighting
  9926 | D:7      | Reached skill level 14 in Air Magic
 10140 | D:8      | Offered knowledge of Frozen Ramparts by Vehumet.
 10147 | D:8      | Learned a level 5 spell: Lightning Bolt
 10215 | D:8      | Noticed Harold
 10226 | D:8      | Killed Harold
 10514 | D:8      | Reached *** piety under Vehumet
 10675 | D:8      | Noticed Psyche
 10693 | D:8      | Killed Psyche
 11230 | D:9      | Reached skill level 15 in Air Magic
 11449 | D:9      | Offered knowledge of Fulminant Prism by Vehumet.
 11744 | D:9      | Found a glowing golden altar of the Shining One.
 11826 | D:9      | Reached XP level 11. HP: 66/66 MP: 7/24
 11943 | D:9      | Reached **** piety under Vehumet
 12271 | D:9      | Offered knowledge of Irradiate by Vehumet.
 12738 | D:9      | Found Xoekk's Weapon Boutique.
 12777 | D:9      | Found a roughly hewn altar of Beogh.
 12777 | D:9      | Found a staircase to the Orcish Mines.
 13085 | D:10     | Entered Level 10 of the Dungeon
 13418 | D:10     | Reached skill level 16 in Air Magic
 13507 | D:10     | Noticed a death yak
 13507 | D:10     | Noticed a death yak
 13508 | D:10     | Noticed a death yak
 13540 | D:10     | Killed a death yak
 13591 | D:10     | Killed a death yak
 13743 | D:10     | Noticed a death yak
 13743 | D:10     | Noticed a death yak
 13750 | D:10     | Noticed a death yak
 13758 | D:10     | Killed a death yak
 13810 | D:10     | Killed a death yak
 14164 | D:10     | Found a staircase to the Lair.
 14713 | D:11     | Noticed Erica
 14729 | D:11     | Killed Erica
 15088 | D:11     | Noticed a two-headed ogre
 15097 | D:11     | Killed a two-headed ogre
 15098 | D:11     | Reached skill level 17 in Air Magic
 15290 | D:11     | Found a viscous altar of Jiyva.
 15298 | D:11     | Reached ***** piety under Vehumet
 15470 | D:11     | Noticed Maurice
 15474 | D:11     | Killed Maurice
 15475 | D:11     | Reached XP level 12. HP: 73/73 MP: 20/26
 15495 | D:11     | Noticed a two-headed ogre
 15499 | D:11     | Killed a two-headed ogre
 15992 | Lair:1   | Entered Level 1 of the Lair of Beasts
 16403 | Lair:1   | Offered knowledge of Conjure Ball Lightning by Vehumet.
 16411 | Lair:1   | Learned a level 6 spell: Conjure Ball Lightning
 16704 | Lair:1   | Reached skill level 18 in Air Magic
 17759 | Lair:2   | Noticed an eight-headed hydra
 17764 | Lair:2   | Killed an eight-headed hydra
 17765 | Lair:2   | Reached skill level 10 in Spellcasting
 18029 | Lair:2   | Slain by a blink frog

Illustrated notes

Levels and vault maps discovered:
D:1:      dpeg_arrival_rooms_a, layout_basic
D:2:      layout_loops_corners, marbit_many_paths, grunt_dithmenos_smoke
D:3:      minmay_angry_zag, layout_rooms, nicolae_qazlal_general_emergency
D:4:      layout_rooms, gammafunk_ghost_stat_death, serial_shops,
          nicolae_shop_temple_entry_statues_fountains
D:5:      layout_loops_ring, old_standard_altar, nicolae_overflow_crystal_walls,
          grunt_temple_overflow_open, kennysheep_little_box,
          minmay_temple_entry_mist, kennysheep_cross_bottleneck,
          trog_butcher_becter, uniq_sigmund
D:6:      wad_woods_tower, layout_loops_ring, ebering_ghost_reflecting_pool,
          serial_shops, nicolae_shop_statue_plus, portal_sewer_entry_f
D:7:      layout_basic, serial_shops, nicolae_shop_behind_doors, uniq_maggie,
          uniq_joseph, uniq_pikel
D:8:      layout_cave_pools, uniq_psyche, uniq_harold
D:9:      layout_cave_pools, nicolae_tso_carved_into_rock, david_orc_5,
          serial_shops, shop, minivault_14
D:10:     layout_loops_corners, dpeg_lair_monsters, minivault_26,
          kennysheep_generic_room_9
D:11:     layout_rooms, jiyva_altar_1, uniq_erica, uniq_maurice
Temple:   eino_temple_lava
Lair:1:   layout_gridlike, lemuel_fruit_tree, lemuel_fruit_fields,
          infiniplex_staircase_pool_2
Lair:2:   layout_cave_pods, gauntlet_entry_generic,
          chequers_serial_rivers_micro_e, serial_bayou_shore_b

Skill      XL: |  1  2  3  4  5  6  7  8  9 10 11 12 |
---------------+-------------------------------------+-----
Air Magic      | 5 6 7 9 10 12 13 15 17 18 | 18.4
Spellcasting   | 3 4 6 7 8 9 10 | 10.0
Fighting       | 2 4 6 8 9 |  9.1
Dodging        | |  2.1
Stealth        | |  2.0
Conjurations   | |  1.3

Action                   |  1- 3 |  4- 6 |  7- 9 | 10-12 || total
-------------------------+-------+-------+-------+-------++-------
Melee: Unarmed           |     6 |       |       |       ||     6
       Kick              |     1 |       |     4 |    24 ||    29
       Dagger            |     1 |       |    22 |    12 ||    35
       Peck              |       |       |     6 |    14 ||    20
       Scimitar          |       |       |       |    29 ||    29
 Cast: Shock             |    74 |   121 |       |     1 ||   196
       Airstrike         |       |     8 |   141 |   318 ||   467
       Static Discharge  |       |       |     6 |     3 ||     9
 Abil: Fly               |       |     1 |       |       ||     1
Evoke: Wand              |       |       |       |     7 ||     7
  Use: Scroll            |       |     6 |     3 |    18 ||    27
Armor: Robe              |     4 |     5 |     3 |       ||    12
       Leather armour    |       |       |     1 |    11 ||    12
Dodge: Dodged            |    23 |    29 |    41 |    59 ||   152
       Rpst.: Scimitar   |       |       |       |    12 ||    12

Table legend: (Time is in decaauts)
 A = Elapsed time spent in this place.
 B = Non-inter-level travel time spent in this place.
 C = Inter-level travel time spent in this place.
 D = Time resting spent in this place.
 E = Time spent auto-exploring this place.
 F = Levels seen in this place.
 G = Mean time per level.
                   A        B        C        D        E       F      G
               +--------+--------+--------+--------+--------+-----+--------+
         Total |  17386 |  17129 |    257 |   1778 |  13187 |  15 | 1159.1 |
       Dungeon |  13962 |  13739 |    223 |   1590 |  10398 |  11 | 1269.3 |
        Temple |     51 |     51 |      0 |      0 |     44 |   1 |   51.0 |
          Lair |   1945 |   1911 |     34 |     53 |   1606 |   2 |  972.5 |
         Sewer |   1426 |   1426 |      0 |    133 |   1138 |   1 | 1426.0 |
               +--------+--------+--------+--------+--------+-----+--------+

Top non-repeatable levels by time:
     D:9: 1687 daAuts
     D:6: 1675 daAuts
     D:7: 1623 daAuts
     D:2: 1487 daAuts
   Sewer: 1426 daAuts
     D:8: 1426 daAuts
    D:10: 1307 daAuts
  Lair:1: 1301 daAuts
    D:11: 1228 daAuts
     D:1: 971 daAuts
     D:3: 966 daAuts
     D:5: 831 daAuts
     D:4: 757 daAuts
  Lair:2: 644 daAuts
  Temple: 51 daAuts
